 Dungeon Crawl Stone Soup version 0.30-a0-1018-g25214051b3 (webtiles) character file.

Game seed: 8409373351225831740

128 MengasLaw the Trooper (level 4, -5/41 HPs)
             Began as a Minotaur Fighter on Apr 7, 2023.
             Was a Follower of Wu Jian.
             Slain by a gnoll
             ... wielding a +0 heavy flail
             ... led by a gnoll bouda
              (11 damage)
             ... on level 4 of the Dungeon.
             The game lasted 00:23:59 (1147 turns).

MengasLaw the Trooper (Minotaur Fighter)            Turns: 1147, Time: 00:23:59

Health: -5/41      AC:  8    Str: 22    XL:     4   Next: 87%
Magic:  3/3        EV:  9    Int:  5    God:    Wu Jian [*.....]
Gold:   124        SH:  4    Dex: 10    Spells: 3/3 levels left

rFire   . . .      SeeInvis .    a - +0 war axe
rCold   . . .      Faith    .    c - +0 buckler
rNeg    . . .      Spirit   .    b - +0 scale mail
rPois   .          Reflect  .    (helmet restricted)
rElec   .          Rampage  .    f - +0 cloak
rCorr   .                        (no gloves)
Will    .....                    (no boots) Stlth
                                 (no amulet)
HPRegen 0.26/turn                (no ring)
MPRegen 0.08/turn                (no ring)

@: no status effects
A: horns 2, retaliatory headbutt
a: Renounce Religion


You were on level 4 of the Dungeon.
You worshipped Wu Jian.
Wu Jian was aware of your devotion.
You visited 1 branch of the dungeon, and saw 4 of its levels.

You collected 124 gold pieces.

Inventory:

Hand Weapons
 a - a +0 war axe (weapon)
 e - a +0 whip
 j - a +0 dagger
 k - a +0 club
 l - a +0 short sword of freezing
 t - a +0 flail
 v - a +0 flail
Armour
 b - a +0 scale mail (worn)
 c - a +0 buckler (worn)
 f - a +0 cloak (worn)
 h - a +1 robe of willpower
 o - a +0 leather armour
Jewellery
 u - an amulet of guardian spirit
Scrolls
 g - a scroll of fear {unknown}
 n - 2 scrolls of identify
 r - a scroll of vulnerability {unknown}
 s - a scroll of enchant armour {unknown}
 w - a scroll of poison {unknown}
Potions
 d - a potion of might
 i - a potion of magic
 m - a potion of attraction {unknown}
 p - a potion of degeneration {unknown}
 q - 2 potions of mutation {unknown}


   Skills:
 + Level 4.8 Fighting
 + Level 4.1 Axes
 + Level 4.4 Armour
 + Level 4.2 Shields


You had 3 spell levels left.
You didn't know any spells.
Your spell library contained the following spells:

 Spells                   Type           Power      Damage    Failure   Level
 Lesser Beckoning         Tloc           0%         N/A       95%         2
 Gell's Gravitas          Tloc           0%         N/A       99%         3
 Teleport Other           Tloc           0%         N/A       99%         3


Dungeon Overview and Level Annotations

Branches:
Dungeon (4/15)
 Temple: D:4-7

Altars:
Hepliaklqana
Nemelex Xobeh
Wu Jian
Zin


Innate Abilities, Weirdness & Mutations

You have a pair of horns on your head.
You reflexively headbutt those who attack you in melee.


Message History

You completely miss the gnoll bouda.
The gnoll bouda is heavily wounded.
You hit the kobold.
You kill the kobold!
The Council accepts your kill.
You hear a splash. x2
You hit the gnoll. You block the gnoll's attack.
The gnoll bouda closely misses you. The gnoll hits you with a +0 spear.
* * * LOW HITPOINT WARNING * * *
You slash the gnoll bouda!
You kill the gnoll bouda!
The Council accepts your kill.
You hear a splash. x2
You barely miss the gnoll.
The gnoll is no longer moving quickly.
You slash the gnoll!
You kill the gnoll!
The Council accepts your kill.
You hear a splash.
You closely miss the gnoll.
Your Axes skill increases to level 4!
You hit the gnoll.
The gnoll is moderately wounded.
You closely miss the gnoll. The gnoll hits you but does no damage.
The gnoll closely misses you. The gnoll hits you with a +0 whip.
* * * LOW HITPOINT WARNING * * *
You hit the gnoll but do no damage.
The gnoll is moderately wounded.
You closely miss the gnoll.
The gnoll is no longer moving quickly.
The gnoll splashes around in the water.
The gnoll hits you but does no damage.
You closely miss the gnoll.
The gnoll is moderately wounded.
You closely miss the gnoll.
The gnoll hits you with a +0 heavy flail.
* * * LOW HITPOINT WARNING * * *
The gnoll hits you but does no damage.
You hit the gnoll but do no damage.
The gnoll is moderately wounded.
You hit the gnoll. You block the gnoll's attack.
The gnoll hits you with a +0 heavy flail!
You die...

.............8..#.#
.#≈≈#................'_#
..≈≈..##########+.8..#.#
..≈≈.# #########.....###
..≈.~~##...........8..#.
.[~~~~.#..).....###.....
~.~~~..#........# #.....
.~.~..)#........# #.....
..~~..g@........# #.....
..~~..g#........# #.....
..~~~..#........# #.....
~.≈~~..#........# #.....
..~~...#........# #.....
..~~~~.#####...## #.)...
~.~~.~~ ###..###.....
#.≈≈..# ##..####...
##..###'##


You could see 2 gnolls.

Vanquished Creatures
  A gnoll bouda (D:4)
  A sleepcap (D:4)
  5 gnolls (D:4)
  An adder (D:2)
  2 giant cockroaches
  2 hobgoblins
  2 kobolds
  A quokka (D:2)
  2 bats
  A frilled lizard (D:2)
  2 goblins
  3 rats (D:2)
23 creatures vanquished.

Notes
Turn   | Place    | Note
-------+----------+-------------------------------------------
     0 | D:1      | MengasLaw the Minotaur Fighter began the quest for the Orb.
     0 | D:1      | Reached XP level 1. HP: 19/19 MP: 0/0
   506 | D:2      | Reached XP level 2. HP: 26/27 MP: 1/1
   623 | D:2      | Found a faded altar of an unknown god.
   631 | D:2      | Prayed at the altar of an unknown god.
   631 | D:2      | Became a worshipper of the Wu Jian Council
   631 | D:2      | Reached * piety under Wu Jian
   829 | D:4      | Found a glowing silver altar of Zin.
   873 | D:4      | Reached XP level 3. HP: 34/34 MP: 2/2
   873 | D:4      | Found a hazy altar of Hepliaklqana.
   928 | D:4      | Found a sparkling altar of Nemelex Xobeh.
   939 | D:4      | Reached XP level 4. HP: 35/41 MP: 3/3
  1147 | D:4      | Slain by a gnoll

Illustrated notes

Levels and vault maps discovered:
D:1:      dpeg_arrival_yet_another_circle, layout_basic
D:2:      layout_loops_ring, dilly_ecumenical_altar_fadedgnrine
D:3:      layout_rooms, mrwooster_statue_mirror, amcnicky_mini_pool_small,
          uniq_grinder, uniq_robin, uniq_natasha
D:4:      layout_basic, zin_statuary, kennysheep_mini,
          mainiacjoe_overflow_catch_the_wave, chequers_serial_rivers_small_3

Skill      XL: |  1  2  3  4 |
---------------+-------------+-----
Armour         | 4 |  4.4
Fighting       | 4 |  4.8
Axes           | 3 4 |  4.1
Shields        | 4 |  4.2

Action                     |  1- 3 |  4- 6 || total
---------------------------+-------+-------++-------
  Melee: War axe           |    46 |    17 ||    63
         Headbutt          |     2 |     1 ||     3
Ability: Lunge             |       |     1 ||     1
    Use: Scroll            |     2 |       ||     2
 Armour: Scale mail        |    26 |     8 ||    34
  Dodge: Dodged            |    20 |     9 ||    29
  Block: Buckler           |    13 |     5 ||    18

Table legend: (Time is in decaauts)
 A = Elapsed time spent in this place.
 B = Non-inter-level travel time spent in this place.
 C = Inter-level travel time spent in this place.
 D = Time resting spent in this place.
 E = Time spent auto-exploring this place.
 F = Levels seen in this place.
 G = Mean time per level.
                   A        B        C        D        E       F      G
               +--------+--------+--------+--------+--------+-----+--------+
         Total |   1172 |    288 |    884 |      0 |      0 |   4 |  293.0 |
       Dungeon |   1172 |    288 |    884 |      0 |      0 |   4 |  293.0 |
               +--------+--------+--------+--------+--------+-----+--------+

Top non-repeatable levels by time:
     D:1: 497 daAuts
     D:4: 354 daAuts
     D:2: 309 daAuts
     D:3: 11 daAuts
